Map: Waterfall

Players

soO

  • Race: Zerg Zerg
  • Spawn Location: 7:00

Scarlett - Winner!

  • Race: Zerg Zerg
  • Spawn Location: 1:00

Event: HomeStory Cup XXII

VOD

Have the link to the VOD?

Description

Time

  • Played on: Dec. 16, 2022, 1:16 p.m.
  • Length: 8:34

All games in this series

Show
View Real Time Build Order
Export as new Build Order

soO Zerg 

Build Orders: Hatch First 

Get SALT Encoding   

  12  0:00  Drone  
  13  0:12  Overlord  
  13  0:16  Drone  
  14  0:30  Drone x2  
  16  0:47  Hatchery  
  15  0:51  Drone  
  15  0:54  Drone  
  17  0:57  Drone  
  18  1:09  Extractor  
  17  1:13  Spawning Pool  
  17  1:15  Drone  
  17  1:19  Drone  
  18  1:27  Drone  
  19  1:38  Drone  
  20  1:59  Queen x2  
  20  2:00  Zergling x4  
  26  2:02  Overlord  
  26  2:10  Drone  
  26  2:11  Drone  
  26  2:12  Metabolic Boost  
  28  2:21  Drone x2  
  30  2:33  Drone x2  
  32  2:41  Hatchery  
  32  2:43  Drone  
  32  2:47  Baneling Nest  
  31  2:52  Overlord  
  31  2:55  Drone  
  31  2:56  Drone  
  33  3:06  Drone x2  
  33  3:07  Drone  
  33  3:09  Queen  
  33  3:12  Drone  
  39  3:15  Drone  
  39  3:16  Drone  
  39  3:18  Drone  
  42  3:22  Overlord  
  42  3:28  Evolution Chamber  
  42  3:31  Drone x2  
  42  3:33  Drone  
  44  3:38  Overlord  
  44  3:42  Baneling x2  
  44  3:44  Zergling x8  
  48  3:51  Zergling x4  
  48  3:54  Zergling x2  
  51  3:57  Zergling x4  
  52  4:07  Baneling x2  
  52  4:15  Zergling x14  
  58  4:19  Zerg Missile Weapons Level 1  
  58  4:20  Zergling x6  
  58  4:21  Roach Warren  
  55  4:27  Zergling x4, Overlord  
  55  4:30  Extractor  
  56  4:34  Overlord  
  56  4:36  Drone  
  57  4:39  Overlord  
  57  4:48  Drone  
  57  4:49  Drone x2  
  53  4:55  Zergling x4  
  53  4:57  Zergling x4  
  53  4:58  Zergling x2  
  54  5:00  Zergling x2  
  54  5:05  Zergling x4  
  57  5:10  Zergling x6  
  57  5:11  Zergling x2  
  57  5:16  Baneling  
  57  5:17  Baneling  
  57  5:20  Overlord  
  57  5:25  Roach x7  
  70  5:29  Roach  
  70  5:33  Roach  
  70  5:34  Roach  
  76  5:40  Roach x2  
  76  5:41  Roach  
  76  5:42  Overlord  
  82  5:43  Overlord  
  82  5:48  Roach  
  84  5:56  Roach, Overlord  
  84  5:57  Roach  
  87  6:02  Roach  
  86  6:09  Roach x2  
  82  6:12  Roach  
  82  6:17  Overlord  
  83  6:24  Zergling x2, Baneling x2  
  83  6:25  Zergling x2  
  85  6:29  Zergling x6  
  85  6:30  Hatchery  
  87  6:36  Zergling x6  
  87  6:39  Baneling x3  
  89  6:53  Roach x2  
  83  6:54  Roach  
  83  6:55  Roach  
  83  6:59  Roach  
  72  7:03  Roach  
  60  7:11  Roach  
  60  7:14  Drone x5  
  60  7:15  Extractor  
  65  7:21  Roach x3  
  71  7:24  Drone x5  
  76  7:30  Queen  
  76  7:35  Roach  
  80  7:37  Roach  
  80  7:42  Roach  
  84  7:46  Roach  
  84  7:49  Roach x2  
  90  7:54  Roach x2  
  94  8:02  Zergling x8, Roach  
  100  8:08  Roach x2  
  104  8:13  Roach  
Show
View Real Time Build Order
Export as new Build Order

Scarlett Zerg - Winner!

Build Orders: Pool First 

Get SALT Encoding   

  12  0:00  Drone  
  13  0:12  Overlord  
  13  0:17  Drone  
  14  0:30  Drone x2  
  14  0:34  Drone  
  17  0:43  Spawning Pool  
  17  0:46  Drone  
  17  1:06  Hatchery  
  16  1:11  Drone, Extractor  
  16  1:15  Drone  
  17  1:18  Drone  
  18  1:30  Queen  
  18  1:32  Zergling x2  
  21  1:39  Overlord  
  21  1:51  Drone  
  22  2:00  Drone  
  23  2:08  Queen  
  23  2:11  Drone  
  26  2:18  Queen  
  26  2:20  Metabolic Boost  
  28  2:24  Drone  
  28  2:25  Drone  
  29  2:32  Overlord  
  29  2:33  Drone  
  30  2:39  Drone x3  
  30  2:43  Overlord  
  33  2:49  Evolution Chamber  
  33  2:50  Zergling x2  
  33  2:57  Zergling x4  
  35  3:03  Drone  
  36  3:10  Drone x4  
  40  3:15  Drone  
  40  3:16  Zergling x6  
  44  3:26  Zergling x4  
  46  3:34  Zergling x2  
  47  3:40  Zergling x4  
  49  3:42  Zerg Ground Armor Level 1  
  49  3:43  Hatchery  
  48  3:50  Overlord  
  48  3:51  Drone x3  
  51  3:57  Overlord  
  50  4:14  Drone x8  
  56  4:19  Roach Warren  
  50  4:25  Zergling x2  
  50  4:28  Zergling x8, Extractor  
  54  4:33  Zergling x2  
  54  4:41  Zergling x2  
  54  4:43  Baneling Nest  
  54  4:44  Queen x2  
  58  4:47  Zergling x2  
  58  4:48  Zergling x4  
  58  4:50  Zergling x4  
  56  4:56  Zergling x4  
  56  4:57  Zergling x2  
  53  5:00  Zergling x2  
  53  5:01  Roach  
  53  5:02  Roach  
  53  5:06  Queen  
  59  5:08  Roach  
  59  5:11  Roach x2  
  59  5:14  Roach  
  64  5:16  Roach  
  66  5:24  Roach x3  
  66  5:27  Overlord  
  71  5:31  Roach  
  73  5:40  Zergling x2  
  74  5:46  Overlord  
  74  5:49  Zergling x12  
  80  5:57  Zergling x4  
  80  6:00  Zergling x6  
  78  6:06  Zergling x8  
  78  6:09  Queen  
  79  6:14  Zerg Missile Weapons Level 1  
  79  6:16  Roach x2  
  79  6:21  Roach x2  
  79  6:24  Roach  
  85  6:26  Overlord  
  85  6:28  Overlord  
  85  6:29  Roach  
  85  6:31  Baneling  
  85  6:32  Baneling x3  
  87  6:37  Zergling x2, Roach  
  90  6:42  Baneling, Overlord  
  89  6:48  Zergling x8  
  82  6:55  Zergling x10  
  82  7:01  Zergling x2  
  80  7:02  Queen  
  80  7:07  Zergling x8  
  76  7:15  Zergling x6  
  79  7:18  Roach  
  79  7:19  Ravager  
  79  7:20  Roach, Ravager  
  85  7:25  Roach  
  85  7:27  Overlord  
  85  7:28  Roach  
  89  7:32  Roach  
  91  7:37  Roach  
  91  7:41  Zergling x6  
  96  7:45  Zergling x2  
  96  7:47  Zergling x6  
  100  7:52  Zergling x2, Ravager  
  100  7:55  Zergling x2  
  100  7:58  Zergling x2  
  104  7:59  Zergling x2  
  104  8:01  Zergling x4  
  104  8:02  Zergling x2, Baneling x2  
  104  8:04  Zergling x6  
  108  8:14  Zergling x6  
  108  8:17  Zergling x6  
  99  8:29  Ravager  
Tags
 
Matchup
ZvZ
Race
Zerg
Replay Pack
hsc22
Spawn Locations
Cross Positions
Add a new tag
Caveats
  • Supply blocks, unpowered buildings, or Contaminate may cause inaccurate times.
  • Supply counts are checked every 10 seconds.